 Dungeon Crawl Stone Soup version 0.30-a0-1008-g30c9307041 (webtiles) character file.

Game seed: 12878876118454521453

235017 Newt the Crack Shot (level 19, -3/104 HPs)
             Began as a Kobold Hunter on Apr 5, 2023.
             Was the Champion of Hepliaklqana.
             Slain by Nikola
             ... wielding a +3 rapier of electrocution
              (17 damage)
             ... on level 2 of the Elven Halls.
             The game lasted 01:01:52 (34165 turns).

Newt the Crack Shot (Kobold Hunter)                Turns: 34165, Time: 01:01:55

Health: -3/104     AC: 18    Str: 11    XL:     19   Next: 92%
Magic:  31/31      EV: 23    Int: 10    God:    Hepliaklqana [******]
Gold:   3132       SH:  5    Dex: 22    Spells: 26/35 levels left

rFire   + + .      SeeInvis +    d - +2 arbalest (freeze)
rCold   + + +      Faith    .    (shield currently unavailable)
rNeg    . . .      Spirit   .    c - +4 ring mail of Abstinence {rC++ Int-5 SInv}
rPois   +          Reflect  +    J - +2 hat
rElec   .          Rampage  .    z - scarf {rC+ rF+}
rCorr   .                        P - +0 pair of gloves of Grace {*Slow +Blink Str+3 Slay+5}
Will    +....                    q - +1 pair of boots
Stlth   +++                      U - amulet of Axoab {Reflect rF+ SH+5}
HPRegen 0.37/turn                u - +4 ring of slaying
MPRegen 0.22/turn                s - ring of poison resistance

@: studying Translocations
A: reduced essence, small, no large weapons, nightstalker 3, iridescent scales
1, sense surroundings 1
}: 2/15 runes: barnacled, gossamer
a: Renounce Religion, Evoke Blink, Recall Ancestor, Ancestor Identity,
Transference, Idealise


You were on level 2 of the Elven Halls.
You worshipped Hepliaklqana.
Hepliaklqana was exalted by your worship.
You visited 6 branches of the dungeon, and saw 32 of its levels.
You visited 1 bazaar.
You also visited: Sewer and Ice Cave.

You collected 4097 gold pieces.
You spent 965 gold pieces at shops.

Inventory:

Hand Weapons
 a - a +0 heavy shortbow
 d - a +2 arbalest of freezing (weapon)
 K - a +3 shortbow of flaming
Missiles
 t - 8 boomerangs of dispersal
 B - 3 throwing nets
Armour
 c - the +4 ring mail of Abstinence (worn) {rC++ Int-5 SInv}
   (You found it on level 14 of the Dungeon)

   Int:       It affects your intelligence (-5).
   rC:        It greatly protects you from cold.
   SInv:      It lets you see invisible.
 l - a scarf of repulsion
 q - a +1 pair of boots (worn)
 z - a scarf of resistance (worn)
 E - a +1 leather armour of willpower
 J - a +2 hat (worn)
 P - the +0 pair of gloves of Grace (worn) {*Slow +Blink Str+3 Slay+5}
   (You bought it in a shop on level 9 of the Dungeon)

   Str:       It affects your strength (+3).
   Slay:      It affects your accuracy & damage with ranged weapons and melee
   (+5).
   +Blink:    It lets you blink.
   *Slow:     It may slow you when you take damage.
 Z - the orb of Negligence {*channel, Int+3}
   (You found it on level 4 of the Spider Nest)

   Int:       It affects your intelligence (+3).
Jewellery
 s - a ring of poison resistance (right hand)
 u - a +4 ring of slaying (left hand)
 w - a ring of see invisible
 U - the amulet of Axoab (around neck) {Reflect rF+ SH+5}
   (You found it in an ice cave)

   [amulet of reflection]

   It reflects blocked missile attacks.
   rF:        It protects you from fire.
   SH:        It affects your SH (+5).
 X - a +6 ring of dexterity
Wands
 h - a wand of digging (5)
 r - a wand of flame (32)
 F - a wand of paralysis (26)
 I - a wand of iceblast (16)
 L - a wand of quicksilver (17)
 V - a wand of mindburst (8)
Scrolls
 b - 9 scrolls of immolation
 e - 16 scrolls of identify
 o - 7 scrolls of teleportation
 x - 4 scrolls of poison
 y - 4 scrolls of fear
 A - 3 scrolls of magic mapping
 C - a scroll of brand weapon
 H - 2 scrolls of enchant armour
 M - 3 scrolls of silence
 O - a scroll of fog
Potions
 f - 5 potions of flight
 g - 19 potions of curing
 i - 4 potions of lignification
 j - 3 potions of mutation
 k - 2 potions of brilliance
 m - 7 potions of ambrosia
 n - 2 potions of invisibility
 p - 8 potions of might
 v - 3 potions of haste
 D - 3 potions of magic
 G - 3 potions of cancellation
 N - 2 potions of heal wounds
 R - a potion of resistance
 T - a potion of berserk rage
Miscellaneous
 W - a condenser vane
 Y - a box of beasts


   Skills:
 - Level 12.0 Fighting
 + Level 21.9 Ranged Weapons
 - Level 3.2 Throwing
 - Level 8.0 Armour
 - Level 14.0 Dodging
 - Level 1.3 Stealth
 - Level 8.9 Spellcasting
 - Level 10.7 Hexes
 - Level 4.2 Transmutations
 - Level 10.0 Fire Magic
 - Level 11.2 Earth Magic
 - Level 9.0 Invocations
 - Level 10.0 Evocations


You had 26 spell levels left.
You knew the following spells:

 Your Spells              Type           Power      Damage    Failure   Level
a - Wereblood             Tmut           12%        N/A       9%          2
b - Inner Flame           Hex/Fire       25%        N/A       1%          3
c - Leda's Liquefaction   Hex/Erth       13%        N/A       3%          4

Your spell library contained the following spells:

 Spells                   Type           Power      Damage    Failure   Level
 Slow                     Hex            100%       N/A       1%          1
 Passwall                 Tmut/Erth      15%        N/A       1%          2
 Confusing Touch          Hex            25%        N/A       1%          3
 Tukima's Dance           Hex            25%        N/A       1%          3
 Foxfire                  Conj/Fire      56%        2x1d6     4%          1
 Ensorcelled Hibernation  Hex/Ice        30%        N/A       5%          2
 Lee's Rapid Deconstruct  Erth           13%        3d9*      9%          5
 Volatile Blastmotes      Fire/Tloc      28%        2d12      12%         3
 Ignite Poison            Fire/Tmut/Pois 13%        N/A       14%         3
 Animate Armour           Summ/Erth      30%        N/A       30%         4
 Apportation              Tloc           8%         N/A       32%         1
 Kiss of Death            Conj/Necr      16%        2d6       32%         1
 Necrotise                Necr           16%        1d4       32%         1
 Shock                    Conj/Air       16%        1d4       32%         1
 Summon Small Mammal      Summ           16%        N/A       32%         1
 Fulminant Prism          Conj/Hex       7%         3d6       34%         4
 Flame Wave               Conj/Fire      14%        2d6       38%         4
 Sticky Flame             Conj/Fire      14%        2d4       38%         4
 Yara's Violent Unravell  Hex/Tmut       9%         3d6       38%         5
 Blink                    Tloc           8%         N/A       43%         2
 Cigotuvi's Dreadful Rot  Necr/Pois/Air  8%         N/A       43%         2
 Lesser Beckoning         Tloc           8%         N/A       43%         2
 Momentum Strike          Conj/Tloc      8%         3d8       43%         2
 Sublimation of Blood     Necr           4%         N/A       43%         2
 Ozocubu's Armour         Ice            4%         N/A       67%         3
 Swiftness                Air            4%         N/A       67%         3
 Vampiric Draining        Necr           4%         2d6       67%         3
 Vhi's Electric Charge    Tloc/Air       8%         N/A       67%         3
 Fireball                 Conj/Fire      7%         3d5       75%         5
 Blade Hands              Tmut           6%         N/A       83%         5
 Statue Form              Tmut/Erth      12%        N/A       90%         6
 Iskenderun's Mystic Bla  Conj/Tloc      4%         2d3       97%         4
 Manifold Assault         Tloc           4%         N/A       97%         4
 Passage of Golubria      Tloc           4%         N/A       97%         4
 Iron Shot                Conj/Erth      7%         9d2       99%         6
 Plasma Beam              Fire/Air       7%         2x1d19    99%         6
 Starburst                Conj/Fire      7%         6d4       99%         6
 Agony                    Necr           4%         N/A       100%        5
 Conjure Ball Lightning   Conj/Air       2%         3x3d6     100%        6
 Dispersal                Tloc           2%         N/A       100%        6
 Summon Cactus Giant      Summ           2%         N/A       100%        6
 Storm Form               Tmut/Air       4%         N/A       100%        7
 Summon Hydra             Summ           2%         N/A       100%        7
 Discord                  Hex            12%        N/A       100%        8
 Disjunction              Tloc           2%         N/A       100%        8
 Ignition                 Fire           12%        3d6       100%        8
 Dragon's Call            Summ           2%         N/A       100%        9


Dungeon Overview and Level Annotations

Branches:
Dungeon (15/15)            Temple (0/1) D:4            Lair (5/5) D:8
 Shoals (4/4) Lair:2       Spider (4/4) Lair:2        Slime (0/5) Lair:4
    Orc (2/2) D:9             Elf (2/3) Orc:2        Vaults (0/5) D:13
 Depths (0/4) D:15          Sewer (visited)           IceCv (visited)

Altars:
Cheibriados
Elyvilon
Fedhas
Hepliaklqana
Makhleb
Nemelex Xobeh
Okawaru
Ru
Sif Muna
Trog
Uskayaw
Vehumet
Zin
The Shining One
Jiyva

Shops:
D:3 [   D:9 [   D:10 (   Orc:1 :   Orc:2 ([::   Elf:1 !   Shoals:3 [

Annotations:
D:11 2 transporters, DeathPants's ghost, novice DsGl
D:13 5 transporters
Elf:2 Nikola


Innate Abilities, Weirdness & Mutations

Your life essence is reduced to manifest your ancestor. (-10% HP)
You are small and have problems with some larger weapons.
You are completely attuned to the shadows.
You are partially covered in iridescent scales. (AC +2)
You passively map a small area around you.


Message History

Unknown command.
Unknown command.
Okay, then.
Aiming: Mindburst
Press: ? - help, Shift-Dir - straight line, f - eight-headed hydra
Aim: an eight-headed hydra (chance to affect: 65%)
The eight-headed hydra struggles to resist.
The eight-headed hydra completely misses you.
The eight-headed hydra barely misses you.
The eight-headed hydra bites you!
* * * LOW HITPOINT WARNING * * *
The eight-headed hydra bites you but does no damage.
The eight-headed hydra barely misses you.
The eight-headed hydra closely misses you.
The eight-headed hydra barely misses you.
The eight-headed hydra closely misses you.
The manticore bites you but does no damage.
The manticore closely misses you. The manticore completely misses you.
Unknown command.
Unknown command.
Unknown command.
Okay, then.
As you read the scroll of fear, it crumbles to dust.
You assume a fearsome visage.
The manticore looks frightened!
The eight-headed hydra looks frightened!
Unknown command.
Things that are here:
+0 fire dragon scales; a fire dragon corpse The manticore flicks its tail.
The volley of spikes hits you but does no damage.
Unknown command.
You see here a hell hound corpse.
As you read the scroll of teleportation, it crumbles to dust.
You feel strangely unstable.
Your surroundings suddenly seem different.
Nikola the Mad Inventor comes into view.
He is wielding a +3 rapier of electrocution.
Nikola hits you with a +3 rapier of electrocution.
* * * LOW HITPOINT WARNING * * *
You are electrocuted!
You die...

#### *** *** ***
##..##**,****,****,*
##....##.,,**,,,**,,,
*#...@@...,,,,,,,,,,,,
**
*.....#...,,,,,,,,,,,,
,**
*....##*..,,,,,,,,,*,,
,,** *...#*
**.,,,,,,,,***, ,,,**
*...** **,,,,,,,,** **
,,,,** *,,,,*
*,,,,,,,,,,***, ,,,,,*
*,,,,***,,,,,,,,,,,*,,
,,,,**
*,,,,,*,,,,,,,,,,,,,,,
,,,**
*,,,,,,,,,,,,,,,,,,,,,


You could see Nikola.

Vanquished Creatures
  Mara (Spider:3)
  Arachne (Spider:2)
  Kirke (D:12)
  Gastronok (D:8)
  A sphinx (Elf:2)
  6 emperor scorpions
  A draconian knight (IceCv)
  Louise (Shoals:1)
  4 ghost moths
  An orc warlord (Orc:2)
  A broodmother (Spider:4)
  Nessos (D:13)
  5 white draconians (IceCv)
  A deep elf annihilator (Elf:1)
  A dire elephant (D:15)
  4 spark wasps
  4 merfolk javelineers
  Snorg (D:12)
  6 merfolk impalers
  2 fire dragons (Elf:2)
  An entropy weaver (Spider:2)
  4 hydras
  The ghost of ThatPearl the Destroyer, a journeyman DgCj (Orc:2)
  6 vault guards (D:13)
  2 jorogumos
  2 alligator snapping turtles (Shoals:3)
  2 merfolk avatars
  2 merfolk aquamancers
  4 two-headed ogres
  A centaur warrior (D:13)
  A satyr (Shoals:4)
  2 boulder beetles
  4 dancing weapons (Elf:1)
  Urug (D:11)
  6 orc high priests
  A sun moth (Spider:4)
  5 pharaoh ants
  2 deep elf knights
  3 skysharks
  7 sea snakes
  A kraken simulacrum (Shoals:4)
  6 deep elf archers
  3 orb spiders
  An orange crystal statue (IceCv)
  4 steelbarb worms
  A necromancer (Lair:4)
  6 harpies
  10 deep elf pyromancers
  9 deep elf zephyrmancers
  5 orc knights (Orc:2)
  7 ugly things
  3 oklob plants
  15 manticores
  9 wolf spiders
  An orc sorcerer (Orc:2)
  A salamander (D:15)
  A moth of wrath (Spider:3)
  4 fauns
  5 elephants
  6 cyclopes
  2 water nymphs (Shoals:3)
  2 merfolk sirens
  Maurice (D:9)
  2 gargoyles (D:13)
  A demonic crawler (Spider:1)
  7 storm dragon simulacra (IceCv)
  2 torpor snails
  A guardian serpent (shapeshifter) (D:15)
  10 komodo dragons
  7 cane toads
  A rime drake (shapeshifter) (D:14)
  2 freezing wraiths (Spider:4)
  A rime drake (Lair:5)
  A tengu conjurer (D:15)
  An efreet (D:15)
  7 golden dragon simulacra (IceCv)
  4 polar bears (Lair:5)
  2 trolls
  A meliai (shapeshifter) (D:15)
  A meliai (D:14)
  15 merfolk
  3 blink frogs (Lair:2)
  4 wind drakes
  17 tarantellas
  7 hornets
  8 slime creatures (D:14)
  5 dream sheep
  17 culicivoras
  17 jumping spiders
  A shadow (D:12)
  11 snapping turtles
  A vampire (D:10)
  14 yaks
  14 spriggans
  11 water elementals
  3 wyverns
  A fire elemental (Elf:1)
  2 basilisks
  5 vampire mosquitoes
  2 steam dragons
  29 redbacks
  8 wargs
  11 water moccasins
  3 hell hounds (Elf:2)
  2 acid dragons
  2 ice dragon simulacra (IceCv)
  2 sky beasts
  An ice beast (D:6)
  20 orc warriors
  6 black bears
  7 ogres
  A centaur (D:10)
  18 wolves
  11 boggarts
  A phantom (D:2)
  9 bullfrogs
  2 earth elementals
  2 gnoll sergeants
  6 killer bees (D:8)
  3 lindwurm simulacra (IceCv)
  5 howler monkeys
  11 electric eels
  2 gnoll boudas
  39 orc priests
  2 hounds
  2 iguanas
  21 orc wizards
  6 hell rats (Lair:2)
  5 polar bear simulacra (Lair:4)
  2 wolf simulacra (Lair:4)
  29 gnolls
  11 adders
  A river rat (D:5)
  2 white imps
  4 ufetubi
  3 worms
  7 dart slugs
  93 orcs
  6 bats
  14 endoplasms
  7 giant cockroaches
  7 goblins
  4 hobgoblins
  2 kobolds
  10 quokkas
  14 ball pythons
  5 frilled lizards
  7 rats
  A river rat simulacrum (Lair:4)
879 creatures vanquished.

Vanquished Creatures (collateral kills)
  A kraken (Shoals:2)
  3 ghost moths
  A deep elf demonologist (Elf:1)
  An entropy weaver (Spider:4)
  Erolcha (D:10)
  6 hydras
  An ogre mage (D:15)
  A vault guard (D:13)
  2 boulder beetles
  2 two-headed ogres
  3 dancing weapons
  A satyr (Shoals:3)
  A tengu warrior (D:14)
  3 deep elf knights
  2 sea snakes (Shoals:4)
  A steelbarb worm (Spider:1)
  A deep elf archer (Elf:2)
  3 harpies
  2 deep elf zephyrmancers
  An orc sorcerer (Orc:1)
  7 deep elf pyromancers
  8 wolf spiders
  2 cyclopes
  An ugly thing (D:14)
  A moth of wrath (Spider:4)
  6 manticores
  A merfolk siren (Shoals:3)
  4 elephants
  2 water nymphs (Shoals:4)
  2 cane toads
  A storm dragon simulacrum (IceCv)
  A kobold demonologist (D:11)
  A komodo dragon (Lair:4)
  A freezing wraith (Spider:4)
  5 merfolk
  A golden dragon simulacrum (IceCv)
  4 tarantellas
  3 hornets
  A dream sheep (Shoals:1)
  A snapping turtle (Shoals:2)
  A slime creature (D:14)
  5 jumping spiders
  4 culicivoras
  A water elemental (Shoals:4)
  2 yaks (Lair:3)
  A hog (D:12)
  3 basilisks
  A vampire mosquito (D:11)
  13 redbacks
  A hell hound (Elf:2)
  3 orc warriors
  A sky beast (D:6)
  A boggart (Lair:5)
  A gnoll sergeant (D:9)
  An earth elemental (Elf:2)
  7 orc priests
  3 orc wizards
  A polar bear simulacrum (Lair:4)
  3 gnolls
  An adder (D:5)
  21 orcs
  A giant cockroach (Sewer)
  2 quokkas (Sewer)
  A ball python (Sewer)
  2 frilled lizards (Sewer)
  A rat (D:5)
  2 river rat simulacra (Lair:4)
  2 butterflies (Lair:3)
176 creatures vanquished.

Vanquished Creatures (others)
  A deep elf archer (Elf:2)
  A shadow (D:12)
  2 humans (D:12)
  An orc priest (D:12)
  23 knights
  An orc (D:12)
  17 fungi
  96 plants
  12 tentacles
154 creatures vanquished.

Grand Total: 1209 creatures vanquished

Notes
Turn   | Place    | Note
-------+----------+-------------------------------------------
     0 | D:1      | Newt the Kobold Hunter began the quest for the Orb.
     0 | D:1      | Reached XP level 1. HP: 12/12 MP: 1/1
   140 | D:1      | Reached XP level 2. HP: 17/18 MP: 2/2
   660 | D:1      | Reached XP level 3. HP: 18/23 MP: 3/3
   889 | D:2      | Found an iron altar of Okawaru.
  1184 | D:2      | Noticed a phantom
  1188 | D:2      | Killed a phantom
  1189 | D:2      | Reached skill level 5 in Fighting
  1189 | D:2      | Reached XP level 4. HP: 26/31 MP: 4/4
  1189 | D:2      | Reached XP level 5. HP: 29/35 MP: 5/5
  1365 | D:2      | Identified a scroll of acquirement
  1365 | D:2      | Acquired a +1 arbalest of freezing
  1685 | D:3      | Found Jyim's Antique Armour Emporium.
  1704 | D:3      | Reached skill level 6 in Ranged Weapons
  1853 | D:3      | Found a sparkling altar of Nemelex Xobeh.
  2106 | D:3      | Found a burning altar of Makhleb.
  2110 | D:3      | Noticed an Executioner
  2111 | D:3      | Noticed a ynoxinul
  2111 | D:3      | Noticed a smoke demon
  2202 | D:3      | Reached skill level 7 in Ranged Weapons
  2204 | D:3      | Reached XP level 6. HP: 40/40 MP: 6/6
  2222 | D:3      | Noticed a moth of wrath
  2225 | D:3      | Found a bloodstained altar of Trog.
  2576 | D:3      | Found a hazy altar of Hepliaklqana.
  2634 | D:3      | Reached skill level 8 in Ranged Weapons
  2685 | D:3      | Became a worshipper of Hepliaklqana the Forgotten
  2740 | D:3      | Found a shimmering blue altar of Sif Muna.
  2946 | D:4      | Reached XP level 7. HP: 43/44 MP: 7/7
  2997 | D:4      | Found a staircase to the Ecumenical Temple.
  3034 | D:4      | Found a snail-covered altar of Cheibriados.
  3034 | D:4      | Found a radiant altar of Vehumet.
  3149 | D:4      | Found a hide-covered altar of Uskayaw.
  3372 | D:5      | Entered Level 5 of the Dungeon
  3374 | D:5      | Reached skill level 9 in Ranged Weapons
  3499 | D:5      | Reached skill level 10 in Ranged Weapons
  3521 | D:5      | Reached XP level 8. HP: 43/49 MP: 8/8
  3535 | D:5      | Reached * piety under Hepliaklqana
  3602 | D:5      | Found a glowing drain.
  3608 | Sewer    | Entered a sewer
  3694 | Sewer    | Reached skill level 5 in Dodging
  4161 | D:5      | Identified the +3 ring mail of Foskiofu {Rampage Str+3}
  4454 | D:6      | Reached skill level 11 in Ranged Weapons
  4617 | D:6      | Reached ** piety under Hepliaklqana
  4618 | D:6      | Remembered your ancestor Henutmehyt as a knight
  4633 | D:6      | Reached skill level 12 in Ranged Weapons
  4633 | D:6      | Reached XP level 9. HP: 48/48 MP: 9/9
  4908 | D:6      | Reached skill level 13 in Ranged Weapons
  4979 | D:6      | Found a glowing silver altar of Zin.
  4979 | D:6      | Found a white marble altar of Elyvilon.
  4980 | D:6      | Found a glowing golden altar of the Shining One.
  5084 | D:6      | Acquired a manual of Translocations
  5122 | D:7      | Gained mutation: A frigid envelope surrounds you and
                  | freezes all who hurt you. [potion of mutation]
  5122 | D:7      | Gained mutation: You are resistant to electric shocks.
                  | (rElec) [potion of mutation]
  5122 | D:7      | Gained mutation: Armour fits poorly on your strangely
                  | shaped body. [potion of mutation]
  5122 | D:7      | Gained mutation: You have a beak for a mouth. [potion of
                  | mutation]
  5277 | D:7      | Reached skill level 14 in Ranged Weapons
  5655 | D:8      | Reached skill level 5 in Evocations
  5734 | D:8      | Noticed a komodo dragon
  5736 | D:8      | Killed a komodo dragon
  5737 | D:8      | Reached XP level 10. HP: 54/54 MP: 10/10
  5739 | D:8      | Found a staircase to the Lair.
  5834 | D:8      | Noticed Gastronok
  5844 | D:8      | Killed Gastronok
  6927 | D:9      | Noticed Maurice
  6932 | D:9      | Killed Maurice
  6933 | D:9      | Reached skill level 1 in Spellcasting
  6933 | D:9      | Reached skill level 1 in Transmutations
  7033 | D:9      | Found Gokaal's Armour Shoppe.
  7047 | D:9      | Reached *** piety under Hepliaklqana
  7193 | D:9      | Reached XP level 11. HP: 61/61 MP: 15/15
  7202 | D:9      | Found a staircase to the Orcish Mines.
  7215 | D:9      | Identified the amulet "Noerocer" {Regen+ rCorr Str-3 Int+8
                  | Dex+6}
  7534 | D:10     | Entered Level 10 of the Dungeon
  7534 | D:10     | Noticed a two-headed ogre
  7557 | D:10     | Noticed Erolcha
  7558 | D:10     | Killed Erolcha
  7565 | D:10     | Learned a level 2 spell: Wereblood
  7588 | D:10     | Reached skill level 1 in Invocations
  7588 | D:10     | Found a sacrificial altar of Ru.
  7864 | D:10     | Found Xaorr's Weapon Shop.
  7888 | D:9      | Bought the +0 pair of gloves of Grace {*Slow +Blink Str+3
                  | Slay+5} for 562 gold pieces
  8037 | D:10     | Reached **** piety under Hepliaklqana
  8319 | D:11     | Lost mutation: You are resistant to electric shocks.
                  | (rElec) [potion of mutation]
  8319 | D:11     | Lost mutation: A frigid envelope surrounds you and freezes
                  | all who hurt you. [potion of mutation]
  8319 | D:11     | Gained mutation: Your muscles are strong. (Str +4, Int/Dex
                  | -1) [potion of mutation]
  8320 | D:11     | Lost mutation: You have a beak for a mouth. [potion of
                  | mutation]
  8320 | D:11     | Lost mutation: Your muscles are strong. (Str +4, Int/Dex
                  | -1) [potion of mutation]
  8320 | D:11     | Gained mutation: You have very sharp teeth. [potion of
                  | mutation]
  8321 | D:11     | Lost mutation: Armour fits poorly on your strangely shaped
                  | body. [potion of mutation]
  8321 | D:11     | Lost mutation: You have very sharp teeth. [potion of
                  | mutation]
  8321 | D:11     | Gained mutation: Your movements are slightly less
                  | encumbered by armour. (ER -2) [potion of mutation]
  8322 | D:11     | Lost mutation: Your movements are slightly less encumbered
                  | by armour. (ER -2) [potion of mutation]
  8322 | D:11     | Gained mutation: You are somewhat resistant to further
                  | mutation. [potion of mutation]
  8323 | D:11     | Lost mutation: You are somewhat resistant to further
                  | mutation. [potion of mutation]
  8323 | D:11     | Gained mutation: You are partially covered in iridescent
                  | scales. (AC +2) [potion of mutation]
  8323 | D:11     | Gained mutation: You passively map a small area around you.
                  | [potion of mutation]
  8348 | D:11     | Noticed Urug
  8351 | D:11     | Killed Urug
  8352 | D:11     | Reached skill level 5 in Invocations
  8415 | D:11     | Noticed a two-headed ogre
  8420 | D:11     | Killed a two-headed ogre
  8824 | D:11     | Noticed a deep troll
  8824 | D:11     | Noticed a two-headed ogre
  8827 | D:11     | Noticed DeathPants's ghost (novice DsGl)
  8838 | D:11     | Found a transporter.
  8855 | D:11     | Found a transporter.
  8868 | D:11     | Noticed a moth of wrath
  9233 | D:12     | Noticed Kirke
  9239 | D:12     | Killed Kirke
  9243 | D:12     | Reached XP level 12. HP: 38/65 MP: 18/18
  9384 | D:12     | Noticed Snorg
  9388 | D:12     | Killed Snorg
  9539 | D:12     | Reached ***** piety under Hepliaklqana
  9879 | D:13     | Found the +3 Mad Mage's Maulers {Infuse+∞ VampMP -Cast}
  9968 | D:13     | Noticed Nessos
  9972 | D:13     | Noticed a boulder beetle
 10056 | D:13     | Killed Nessos
 10097 | D:13     | Noticed a vault guard
 10097 | D:13     | Noticed a vault guard
 10097 | D:13     | Noticed a vault guard
 10098 | D:13     | Noticed a vault guard
 10098 | D:13     | Noticed a vault guard
 10101 | D:13     | Killed a vault guard
 10102 | D:13     | Reached skill level 10 in Evocations
 10103 | D:13     | Killed a vault guard
 10103 | D:13     | Noticed a vault guard
 10244 | Lair:1   | Entered Level 1 of the Lair of Beasts
 10269 | Lair:1   | Reached skill level 5 in Armour
 11098 | Lair:2   | Reached XP level 13. HP: 70/70 MP: 19/19
 11380 | Lair:2   | Found a hole to the Spider Nest.
 11623 | Lair:2   | Reached skill level 15 in Ranged Weapons
 11691 | Lair:2   | Found a staircase to the Shoals.
 12021 | Lair:3   | Reached skill level 16 in Ranged Weapons
 12331 | Lair:3   | Got Sif Muna's Volume of Hiemal Phantasms
 12405 | Lair:3   | Reached ****** piety under Hepliaklqana
 12982 | Lair:4   | Found a viscous altar of Jiyva.
 12991 | Lair:4   | Reached skill level 17 in Ranged Weapons
 13003 | Lair:4   | Found a staircase to the Slime Pits.
 14235 | Lair:5   | Entered Level 5 of the Lair of Beasts
 14252 | Lair:5   | Reached skill level 18 in Ranged Weapons
 14292 | Lair:5   | Reached skill level 1 in Earth Magic
 15150 | Lair:5   | Reached skill level 5 in Spellcasting
 15150 | Lair:5   | Reached XP level 14. HP: 75/75 MP: 21/21
 15521 | Lair:5   | Reached skill level 1 in Hexes
 15536 | Lair:5   | Got the Compendium of Production and Vapour
 15863 | Lair:5   | Reached skill level 5 in Earth Magic
 15863 | Lair:5   | Reached XP level 15. HP: 76/79 MP: 23/26
 15868 | Lair:5   | Learned a level 3 spell: Inner Flame
 15873 | Lair:5   | Learned a level 4 spell: Leda's Liquefaction
 16195 | Orc:1    | Entered Level 1 of the Orcish Mines
 16214 | Orc:1    | Reached skill level 5 in Hexes
 16456 | Orc:1    | Found Qenuoter's Book Boutique.
 16647 | Orc:2    | Entered Level 2 of the Orcish Mines
 16647 | Orc:2    | Noticed an orc warlord
 16815 | Orc:2    | Killed an orc warlord
 17108 | Orc:2    | Found Kadour's Armour Shoppe.
 17119 | Orc:2    | Found Butaref's Weapon Shop.
 17212 | Orc:2    | Found Tuuduf's Antique Weapon Shoppe.
 17220 | Orc:2    | Found Asuovuir's Book Shop.
 17439 | Orc:2    | Found a staircase to the Elven Halls.
 17565 | Orc:2    | Found Bihuwyli's Book Boutique.
 17568 | Orc:2    | Noticed ThatPearl's ghost (journeyman DgCj)
 17705 | Orc:2    | Found a runed translucent gate.
 17705 | Orc:2    | Found a runed translucent gate.
 17705 | Orc:2    | Found a runed translucent gate.
 17789 | Orc:2    | Identified the +3 plate armour of Seagefy {rC+ Will+++
                  | Str-3 Dex-3}
 17792 | Orc:2    | Identified the +0 leather armour of a treasure trove
                  | {rPois}
 17826 | Orc:2    | Killed ThatPearl's ghost
 18030 | Shoals:1 | Entered Level 1 of the Shoals
 18191 | Shoals:1 | Noticed Louise
 18201 | Shoals:1 | Killed Louise
 18334 | Shoals:1 | Reached XP level 16. HP: 86/86 MP: 28/28
 18567 | Shoals:1 | Reached skill level 10 in Fighting
 18884 | Shoals:2 | Noticed a kraken
 19430 | Shoals:2 | Killed a kraken
 19773 | Shoals:3 | Reached skill level 1 in Throwing
 19785 | Shoals:3 | Found Lirane's Armour Shop.
 20461 | Shoals:4 | Entered Level 4 of the Shoals
 20722 | Shoals:4 | Reached skill level 10 in Dodging
 20942 | Shoals:4 | Got a barnacled rune of Zot
 20989 | Shoals:4 | Reached skill level 19 in Ranged Weapons
 21098 | Shoals:4 | Reached XP level 17. HP: 95/95 MP: 29/29
 21244 | Shoals:4 | Identified the +9 dagger of Wealth {flame, Will+}
 21419 | Shoals:4 | Reached skill level 20 in Ranged Weapons
 21863 | D:13     | Found a gate to the Vaults.
 21968 | D:13     | Found a transporter.
 21968 | D:13     | Found a transporter.
 22115 | D:13     | Found a transporter.
 22117 | D:13     | Found a transporter.
 22171 | D:13     | Found a transporter.
 22172 | D:13     | Found a transporter.
 22590 | D:14     | Reached skill level 21 in Ranged Weapons
 22781 | D:14     | Identified the +4 ring mail of Abstinence {rC++ Int-5 SInv}
 23189 | D:15     | Entered Level 15 of the Dungeon
 23632 | D:15     | Found a staircase to the Depths.
 23843 | D:15     | Found a blossoming altar of Fedhas.
 24140 | Spider:1 | Entered Level 1 of the Spider Nest
 24387 | D:3      | Bought a brightly glowing robe for 114 gold pieces
 24387 | D:3      | Identified the +0 robe "Plog" {-Tele rCorr Int+3} (You
                  | bought it in a shop on level 3 of the Dungeon)
 24390 | D:3      | Bought a smoking robe for 114 gold pieces
 24390 | D:3      | Identified the +1 robe "Wemoimur" {Dex+3} (You bought it in
                  | a shop on level 3 of the Dungeon)
 25207 | Spider:1 | Reached XP level 18. HP: 80/100 MP: 3/30
 27184 | Spider:2 | Noticed Arachne
 27197 | Spider:2 | Killed Arachne
 27605 | Spider:3 | Noticed Mara
 27621 | Spider:3 | Noticed Newt's illusion
 27635 | Spider:3 | Noticed Newt's illusion
 27638 | Spider:3 | Noticed Newt's illusion
 27999 | Spider:3 | Noticed Newt's illusion
 28003 | Spider:3 | Killed Mara
 28466 | Spider:4 | Entered Level 4 of the Spider Nest
 28490 | Spider:4 | Reached skill level 10 in Earth Magic
 28569 | Spider:4 | Found a frozen archway.
 28575 | IceCv    | Entered an ice cave
 28940 | IceCv    | Reached skill level 10 in Hexes
 29161 | IceCv    | Identified the amulet of Axoab {Reflect rF+ SH+5}
 29798 | Spider:4 | Reached skill level 1 in Fire Magic
 29889 | Spider:4 | Reached XP level 19. HP: 104/104 MP: 27/31
 30015 | Spider:4 | Identified the +8 falchion "Cepn" {elec, rPois Str+2}
 30868 | Spider:4 | Reached skill level 5 in Fire Magic
 31238 | Spider:4 | Identified the orb of Negligence {*channel, Int+3}
 31437 | Spider:4 | Got a gossamer rune of Zot
 31819 | Elf:1    | Entered Level 1 of the Elven Halls
 32370 | Elf:1    | Got Juboupan's Elucidation of Blasting
 32717 | Elf:1    | Found Ducuy's Distillery.
 32724 | Elf:1    | Bought a potion of curing for 45 gold pieces
 33485 | Elf:2    | Found a flickering gateway to a bazaar.
 33491 | Bazaar   | Entered a bazaar
 33493 | Bazaar   | Found Fiuhif's Antique Armour Shop.
 33528 | Bazaar   | Found Vidu's Distillery.
 33545 | Bazaar   | Found Muxez's Antique Weapon Shop.
 33566 | Bazaar   | Bought a runed leather armour for 130 gold pieces
 33731 | Elf:2    | Reached skill level 10 in Fire Magic
 34165 | Elf:2    | Noticed Nikola
 34165 | Elf:2    | Slain by Nikola

Illustrated notes

Levels and vault maps discovered:
D:1:      dpeg_arrival_rooms_c, layout_loops_ring
D:2:      layout_basic, basic_altar, serial_bayou_pond_d
D:3:      layout_rooms, tgw_trog, lemuel_tele_altar, nemelex_spade_bored_becter,
          nicolae_hepliaklqana_hippocampus, makhleb_altar_promises_db,
          serial_shops, nicolae_shop_hallway_stairs
D:4:      layout_gridville, lemuel_coloured_pillars_altar,
          gammafunk_temple_overflow_statue, minmay_temple_entry_mist
D:5:      layout_loops_ring, portal_sewer_entry_b, minmay_crossroads
D:6:      layout_loops_ring, good_gods_temple_1, grunt_ministairs_12
D:7:      layout_gridville
D:8:      layout_loops_corners, david_lair_shrubbed, uniq_gastronok
D:9:      layout_cave_pools, orc_0_dummy, serial_shops, shop, hex_large,
          uniq_maurice
D:10:     layout_small_grid, old_standard_altar, serial_shops,
          nicolae_shop_behind_doors, minmay_misc_feat_doors,
          nicolae_straight_to_the_point, uniq_erolcha
D:11:     wad_lake_hut, layout_irregular_city,
          gammafunk_ghost_wrathful_warriors, uniq_urug
D:12:     layout_big_octagon, uniq_kirke, uniq_snorg
D:13:     layout_basic, erik_vaults_2, serial_nicolae_subway,
          nicolae_sub_station_metal, nicolae_sub_station_crystal,
          nicolae_sub_station_stone, uniq_nessos
D:14:     layout_small_grid, the_hattery
D:15:     hangedman_depths_entry_try_elsewhere_first, layout_cave_pools,
          fedhas_altar_4, st_stairs_12
Lair:1:   layout_roguey, minivault_27, dpeg_stationary_puzzle,
          grunt_megastairs_5
Lair:2:   layout_long_grid, elwin_shoals_entry_stream, spider_nest_entry_rubble
Lair:3:   beargit_carnivore_pack, layout_cave_pods,
          chequers_serial_rivers_micro_d, chequers_serial_rivers_small_a,
          grunt_megastairs_2, lemuel_fruit_fields, serial_bayou_shore_b
Lair:4:   layout_layer_cave, minmay_slime_entry_oklob_enclosed,
          eino_house_with_fridge
Lair:5:   minmay_lair_end_enchanted_forest, layout_regular_city,
          infiniplex_staircase_pool_2
Shoals:1: layout_shoals, uniq_louise
Shoals:2: layout_shoals, nicolae_shoals_so_close
Shoals:3: layout_shoals, serial_shops, shop, nicolae_shoals_elemental_ambush
Shoals:4: shoals_end_grunt_ice, layout_shoals
Spider:1: layout_spider_delve, nicolae_spider_webs_and_nodes
Spider:2: layout_chambers, uniq_arachne
Spider:3: layout_spider_delve, uniq_mara
Spider:4: spider_rune_water, portal_ice_cave_entry_frozen_things
Orc:1:    layout_caves, serial_shops, shop
Orc:2:    st_orc_town, layout_caves, biasface_ghost_orc_armoury, serial_shops,
          nicolae_shop_behind_doors, lightli_orcish_oven
Elf:1:    minmay_elf_arrival_circle, layout_loops_corners, serial_shops, shop,
          minmay_elf_annihilation, roderic_lattice_octagonal_star
Elf:2:    elven_hall_of_blades_hangedman_alternative
          [nicolae_blade_entry_crossed_weapons], layout_geoelf_grid,
          serial_shops, bzr_entry_gold, special_room
          [special_room_mythical_zoo], nrook_loot_triangle, uniq_nikola,
          uniq_roxanne

Skill      XL: |  1  2  3  4  5  6  7  8  9 10 11 12 13 14 15 16 17 18 19 |
---------------+----------------------------------------------------------+-----
Fighting       | 3 5 6 8 9 12 | 12.0
Ranged Weapons | 7 8 10 12 14 18 19 21 | 21.9
Dodging        | 4 6 10 14 | 14.0
Evocations     | 6 10 | 10.0
Armour         | 4 7 8 |  8.0
Spellcasting   | 2 4 5 7 8 |  8.9
Transmutations | 2 4 |  4.2
Invocations    | 9 |  9.0
Earth Magic    | 2 5 7 11 | 11.2
Hexes          | 4 6 7 10 | 10.7
Throwing       | 3 |  3.2
Fire Magic     | 2 10 | 10.0
Stealth        | |  1.3

Action                     |  1- 3 |  4- 6 |  7- 9 | 10-12 | 13-15 | 16-18 | 19-21 || total
---------------------------+-------+-------+-------+-------+-------+-------+-------++-------
  Melee: Arbalest          |       |       |       |       |       |     3 |     2 ||     5
   Fire: Shortbow          |    55 |       |       |       |       |       |       ||    55
         Arbalest          |       |   104 |   193 |   244 |   537 |   878 |   294 ||  2250
   Cast: Wereblood         |       |       |       |     1 |    13 |    10 |     1 ||    25
         Inner Flame       |       |       |       |       |     1 |    13 |     3 ||    17
         Leda's Liquefacti |       |       |       |       |     1 |    11 |       ||    12
 Invoke: Ancestor Life: Kn |       |       |     1 |       |       |       |       ||     1
         Recall Ancestor   |       |       |       |     1 |       |     3 |       ||     4
         Idealise          |       |       |       |       |     1 |     1 |     1 ||     3
  Evoke: Wand              |       |       |       |     2 |     1 |     6 |     1 ||    10
    Use: Scroll            |       |     8 |     4 |    10 |     6 |     5 |     5 ||    38
         Potion            |       |     1 |     3 |     8 |     2 |     2 |     1 ||    17
 Armour: Leather armour    |     8 |    18 |    16 |       |       |       |       ||    42
         Steam dragon scal |       |       |     6 |    20 |    38 |    23 |       ||    87
         Ring mail         |       |       |       |       |       |    86 |    71 ||   157
  Dodge: Dodged            |    10 |    59 |    84 |    91 |   195 |   460 |   159 ||  1058
  Block: Other             |       |       |       |       |       |    19 |    23 ||    42

Table legend: (Time is in decaauts)
 A = Elapsed time spent in this place.
 B = Non-inter-level travel time spent in this place.
 C = Inter-level travel time spent in this place.
 D = Time resting spent in this place.
 E = Time spent auto-exploring this place.
 F = Levels seen in this place.
 G = Mean time per level.
                   A        B        C        D        E       F      G
               +--------+--------+--------+--------+--------+-----+--------+
         Total |  35164 |  32240 |   2924 |   3862 |  23438 |  35 | 1004.7 |
       Dungeon |  13406 |  11861 |   1545 |    567 |   9577 |  15 |  893.7 |
          Lair |   6018 |   5232 |    786 |    284 |   4368 |   5 | 1203.6 |
        Shoals |   4060 |   3844 |    216 |    277 |   3001 |   4 | 1015.0 |
   Spider Nest |   6595 |   6344 |    251 |   1733 |   3650 |   4 | 1648.8 |
  Orcish Mines |   1749 |   1645 |    104 |    294 |    972 |   2 |  874.5 |
   Elven Halls |   2281 |   2260 |     21 |    473 |   1391 |   2 | 1140.5 |
        Bazaar |     91 |     91 |      0 |      0 |     55 |   1 |   91.0 |
         Sewer |    293 |    293 |      0 |      0 |    178 |   1 |  293.0 |
      Ice Cave |    667 |    667 |      0 |    233 |    244 |   1 |  667.0 |
               +--------+--------+--------+--------+--------+-----+--------+

Top non-repeatable levels by time:
Spider:4: 2487 daAuts
     D:8: 1859 daAuts
Spider:2: 1820 daAuts
   Elf:1: 1543 daAuts
  Lair:5: 1423 daAuts
Spider:1: 1415 daAuts
  Lair:4: 1411 daAuts
     D:3: 1334 daAuts
   Orc:2: 1266 daAuts
Shoals:4: 1171 daAuts
Shoals:3: 1134 daAuts
    D:11: 1122 daAuts
  Lair:2: 1111 daAuts
  Lair:3: 1097 daAuts
Shoals:2: 1075 daAuts
